 Dungeon Crawl Stone Soup version 0.14-a0-2723-gdc5d926 (webtiles) character file.

3182 4tharraofdagon the Carver (level 9, 0/79 HPs)
             Began as a Centaur Gladiator on Feb 19, 2014.
             Was a Follower of Zin.
             Slain by a slime creature (14 damage)
             ... on Level 8 of the Dungeon.
             The game lasted 00:17:23 (3220 turns).

4tharraofdagon the Carver (Centaur Gladiator)       Turns: 3220, Time: 00:17:23

HP   0/79        AC 10     Str 20      XL: 9   Next: 54%
MP   7/7         EV  7     Int  7      God: Zin [*.....]
Gold 180         SH  0     Dex 11      Spells:  0 memorised,  8 levels left

rFire  . . .     SeeInvis .     n - +1,+0 long sword (elec)
rCold  . . .     Clarity  .     y - +0 scale mail
rNeg   . . .     Conserve .     (no shield)
rPois  .         rCorr    .     c - +0 helmet
rElec  .         rRot     .     (no cloak)
SustAb . .       Spirit   .     I - +0 pair of dwarf gloves (curse)
rMut   .         Warding  .     (no barding)
Saprov . . .     Stasis   .     (no amulet)
MR     .....                    (no ring)
                                (no ring)

@: flying, very quick, not resistant to hostile enchantments, extremely
unstealthy
A: hooves 3, deformed body, herbivore 1, speed 2, fast metabolism 1, tough skin
3
a: Recite, Renounce Religion


You were on level 8 of the Dungeon.
You worshipped Zin.
Zin was aware of your devotion.
You were hungry.

You visited 2 branches of the dungeon, and saw 9 of its levels.
You also visited: Ossuary.

You collected 199 gold pieces.
You donated 19 gold pieces.

Inventory:

Hand weapons
 a - a +0,-1 trident
 d - a +0,+1 orcish short sword of speed
 n - a +1,+0 long sword of electrocution (weapon)
 z - a cursed +0,+0 orcish battleaxe
Missiles
 g - 2 curare-tipped needles
Armour
 b - a +0 leather armour
 c - a +0 helmet (worn)
 h - a +0 pair of dwarven gloves
 y - a +0 scale mail (worn)
 I - a cursed +0 pair of dwarven gloves (worn)
Magical devices
 t - a wand of random effects (12)
 B - a wand of digging (6)
 G - a wand of confusion (6)
 J - a wand of slowing (11)
Comestibles
 f - 6 bread rations
 j - 2 rotting chunks of worker ant flesh
 o - a meat ration
Scrolls
 e - 4 scrolls of teleportation
 k - 3 scrolls of remove curse
 l - 2 scrolls of noise {unknown}
 m - 2 scrolls of magic mapping {unknown}
 p - a scroll of curse armour {unknown}
 q - 2 scrolls of fear {unknown}
 r - 2 scrolls of curse jewellery {unknown}
 u - 2 scrolls of amnesia {unknown}
 w - 2 scrolls of enchant armour {unknown}
 C - a scroll of blinking {unknown}
 D - a scroll of fog {unknown}
 F - a scroll of immolation
 H - a scroll of enchant weapon II
 N - a scroll of random uselessness {unknown}
Potions
 i - a potion of speed
 s - a potion of poison
 v - a potion of resistance
 x - a potion of decay
 A - a potion of lignification
 L - a potion of magic {unknown}
 M - a potion of might {unknown}
 O - 4 potions of agility {unknown}
 P - a potion of brilliance
 R - a potion of flight
Books
 K - a book of Changes

   Spells                             Type                      Level
   Beastly Appendage                  Transmutation                1
   Sticks to Snakes                   Transmutation                2
   Spider Form                        Transmutation/Poison         3
   Ice Form                           Ice/Transmutation            4
   Blade Hands                        Transmutation                5
   Zin disapproves of the use of such an item.
Miscellaneous
 E - a plain deck of war {the Helm}


   Skills:
 + Level 7.5 Fighting
 * Level 9.1 Long Blades
 - Level 3.1 Polearms
 - Level 2.6 Throwing
 + Level 5.3 Armour
 + Level 6.0 Dodging


You had 8 spell levels left.
You didn't know any spells.

Dungeon Overview and Level Annotations

Branches:
Dungeon (8/16)             Temple (1/1) D:7
   Lair: D:8-11

Altars:
Ashenzari
Cheibriados
Dithmenos
Elyvilon
Fedhas
Kikubaaqudgha
Makhleb
Nemelex Xobeh
Sif Muna
Trog
Vehumet
Xom
Yredelemnul
Zin
The Shining One

Shops:
D:5 [

Portals:
Bailey: D:8

Annotations:
D:8 Joseph


Innate Abilities, Weirdness & Mutations

You have hooves in place of feet.
Armour fits poorly on your strangely shaped body.
You digest meat inefficiently.
You cover ground very quickly.
You have a fast metabolism.
You have extremely tough skin (AC +3).


Message History

G - a wand of confusion {zapped: 4} The hobgoblin barely misses you.
The hobgoblin hits you but does no damage.
The hobgoblin closely misses the hobgoblin.
Unknown command.
Evoke which item? (* to show all) (? for menu, Esc to quit)
Zapping:
G - a wand of confusion {zapped: 4}
Press: ? - help, Shift-Dir - straight line, f - hobgoblin, p - hobgoblin
Aim: a hobgoblin, wielding an elven spear The hobgoblin appears confused.
The hobgoblin hits you but does no damage.
The hobgoblin hits you but does no damage.
Unknown command.
Unknown command.
The hobgoblin hits you but does no damage.
The hobgoblin barely misses the hobgoblin.
The hobgoblin hits you but does no damage.
There is a flagged portal here.
The slime creature hits you!
You die...

...........#
...........###########
.....................#
###..# #.............# #
#..# #.............#### #
#..# #....#...z.......# #
#..# #....#.≈≈≈≈O≈≈≈≈.# #
#..# #....#.≈#######z.# #
#..###....#.≈#@...>#≈.# #
#.........#.≈#.Jg.)#≈z#
###.........#.≈##)gg##≈.#
..J.......^.#.≈≈≈≈≈≈≈≈≈.#
..............≈≈zzO≈≈≈≈.#
####............z.......#
######............####
#............#
#............#


You could see a slime creature, an ogre, a wight and 3 hobgoblins.

Vanquished Creatures
  Pikel (D:7)
  Grinder (D:5)
  A hill giant skeleton (D:7)
  Menkaure (D:5)
  A sky beast (D:8)
  2 slaves (D:7)
  An ogre (D:4)
  2 centaurs
  Blork the orc (D:6)
  2 giant frogs (D:6)
  2 crimson imps
  A giant frog zombie (D:5)
  An orc priest (D:4)
  3 hounds
  A gnoll shaman (D:6)
  A centaur zombie (D:7)
  A jelly (D:7)
  2 iguanas
  A giant frog skeleton (D:5)
  2 orc wizards (D:6)
  A scorpion (D:6)
  7 worker ants
  An ogre zombie (D:6)
  4 mummies (Ossuary)
  7 adders
  4 gnolls
  An inept item mimic (D:3)
  A worm (D:7)
  An adder zombie (D:5)
  5 giant geckos
  An ooze (D:6)
  17 orcs
  3 ball pythons (D:3)
  10 bats
  A bat zombie (D:6)
  2 giant cockroaches
  2 gnoll zombies (Ossuary)
  4 goblins
  10 hobgoblins
  14 jackals
  9 kobolds
  7 quokkas
  3 giant newts
  A goblin skeleton (Ossuary)
  A goblin zombie (Ossuary)
  4 hobgoblin skeletons (Ossuary)
  3 hobgoblin zombies (Ossuary)
  A kobold skeleton (Ossuary)
  A kobold zombie (Ossuary)
  An orc skeleton (Ossuary)
  3 orc zombies
  4 rats
162 creatures vanquished.

Vanquished Creatures (others)
  A hound (D:7)
  2 gnoll zombies (Ossuary)
  A goblin skeleton (Ossuary)
  A goblin zombie (Ossuary)
  2 hobgoblin skeletons (Ossuary)
  A hobgoblin zombie (Ossuary)
  A kobold skeleton (Ossuary)
  An orc skeleton (Ossuary)
  2 orc zombies (Ossuary)
  3 rat skeletons (Ossuary)
15 creatures vanquished.

Grand Total: 177 creatures vanquished

Notes
Turn   | Place    | Note
--------------------------------------------------------------
     0 | D:1      | 4tharraofdagon, the Centaur Gladiator, began the quest for the Orb.
     0 | D:1      | Reached XP level 1. HP: 17/17 MP: 1/1
    65 | D:2      | Reached skill level 3 in Polearms
    65 | D:2      | Reached XP level 2. HP: 19/24 MP: 2/2
   239 | D:2      | Reached XP level 3. HP: 6/30 MP: 3/3
   419 | D:3      | Reached skill level 1 in Long Blades
   419 | D:3      | Reached skill level 1 in Armour
   479 | D:3      | Reached XP level 4. HP: 13/37 MP: 3/3
   774 | D:4      | Noticed an ogre
   789 | D:4      | Killed an ogre
   789 | D:4      | Reached XP level 5. HP: 13/44 MP: 4/4
   851 | D:4      | Reached XP level 6. HP: 22/51 MP: 5/5
  1100 | D:5      | Entered Level 5 of the Dungeon
  1211 | D:5      | Found Luifit's Armour Boutique.
  1243 | D:5      | Noticed Menkaure
  1249 | D:5      | Killed Menkaure
  1322 | D:5      | Reached XP level 7. HP: 57/57 MP: 5/5
  1493 | D:6      | Reached skill level 6 in Fighting
  1493 | D:6      | Reached skill level 8 in Long Blades
  1493 | D:6      | Reached skill level 5 in Dodging
  1493 | D:6      | Reached XP level 8. HP: 52/71 MP: 6/6
  1624 | D:6      | Found a snail-covered altar of Cheibriados.
  1627 | D:6      | Noticed Blork the orc
  1749 | D:6      | Found a sparkling altar of Nemelex Xobeh.
  1778 | D:5      | Noticed Grinder
  1797 | D:5      | Killed Grinder
  2086 | D:6      | Killed Blork the orc
  2086 | D:6      | Reached skill level 5 in Armour
  2225 | D:7      | Found a shattered altar of Ashenzari.
  2256 | D:7      | Reached XP level 9. HP: 25/79 MP: 7/7
  2434 | D:7      | Found a staircase to the Ecumenical Temple.
  2439 | Temple   | Entered the Ecumenical Temple
  2471 | Temple   | Became a worshipper of Zin the Law-Giver
  2471 | Temple   | Acquired Zin's first power
  2472 | Temple   | OKA :(
  2524 | D:7      | Noticed Pikel
  2554 | D:7      | Killed Pikel
  2615 | D:8      | Found a shimmering altar of Xom.
  2659 | D:8      | Reached skill level 9 in Long Blades
  2742 | D:8      | Noticed Joseph
  2935 | D:8      | Found a sand-covered staircase.
  2946 | Ossuary  | Entered an ossuary
  3209 | D:8      | Found a flagged portal.
  3211 | D:8      | HP: 3/79 [hobgoblin/elven spear (3)]
  3220 | D:8      | Slain by a slime creature

Action                   |  1- 3 |  4- 6 |  7- 9 || total
-------------------------+-------+-------+-------++-------
Melee: Trident           |    31 |       |     4 ||    35
       Long sword        |    28 |   106 |   226 ||   360
Throw: Throwing net      |     4 |    11 |       ||    15
Evoke: Wand              |       |     2 |     4 ||     6
  Use: Potion            |     2 |     1 |     4 ||     7
       Scroll            |       |       |     6 ||     6
 Stab: Held in net/web   |     1 |     2 |       ||     3
